 Dungeon Sprint DCSS version 0.31-a0-18-gea43df2a32 (webtiles) character file.

Game seed: 3341577480889092943

1144 sircluck the Basher (level 8, 0/129 HPs)
             Began as a Minotaur Berserker on May 9, 2023.
             Was a Priest of Trog.
             Slain by a boulder beetle (15 damage)
             ... in the Dungeon (Sprint II: "The Violet Keep of Menkaure").
             The game lasted 00:00:45 (166 turns).

sircluck the Basher (Minotaur Berserker)             Turns: 166, Time: 00:00:46

Health: 0/129      AC:  2    Str: 23    XL:     8   Next: 15%
Magic:  7/7        EV: 14    Int:  4    God:    Trog [***...]
Gold:   486        SH:  0    Dex: 11    Spells: 7/7 levels left

rFire   . . .        a - +0 mace
rCold   . . .        (no shield)
rNeg    . . .        b - +0 animal skin
rPois   .            (helmet restricted)
rElec   .            (no cloak)
rCorr   .            (no gloves)
SInv    .            (no boots)
Will    .....        (no amulet) Stlth
                     (no ring)
HPRegen 0.41/turn    (no ring)
MPRegen 0.10/turn

%: no teleportation
@: berserking (expiring), very quick
A: horns 2, retaliatory headbutt
a: Renounce Religion, Berserk, Trog's Hand


You were in the Dungeon.
You worshipped Trog.
Trog was most pleased with you.
You visited 1 branch You collected 486 gold pieces.

Inventory:

Hand Weapons
 a - a +0 mace (weapon)
Armour
 b - a +0 animal skin (worn)
Scrolls
 h - a scroll of blinking
Potions
 c - a potion of curing
 d - a potion of heal wounds
 e - a potion of haste
 f - 2 potions of magic
 g - a potion of berserk rage


   Skills:
 + Level 13.1 Fighting
 + Level 14.4 Maces & Flails
 + Level 6.9 Armour
 + Level 7.3 Dodging


You had 7 spell levels left.
You didn't know any spells.
Your spell library was empty.

Dungeon Overview and Level Annotations

Branches:
Dungeon (1/1)

Altars:


Innate Abilities, Weirdness & Mutations

You have a pair of horns on your head.
You reflexively headbutt those who attack you in melee.


Message History

You hit the boulder beetle but do no damage.
You headbutt the boulder beetle.
The boulder beetle is almost dead.
You hit the boulder beetle but do no damage.
The boulder beetle is almost dead.
The boulder beetle bites you!!
You hit the boulder beetle but do no damage.
You headbutt the boulder beetle, but do no damage.
The boulder beetle is almost dead.
You thump the boulder beetle!
You punch the boulder beetle, but do no damage.
The boulder beetle is almost dead.
The boulder beetle leaps!
The boulder beetle closely misses you.
You hit the boulder beetle but do no damage.
The boulder beetle is almost dead.
You hit the boulder beetle but do no damage.
The boulder beetle is almost dead.
The boulder beetle bites you!!
* * * LOW HITPOINT WARNING * * *
The boulder beetle misses you. You furiously retaliate!
You headbutt the boulder beetle!! You hit the boulder beetle.
You kill the boulder beetle!
Trog accepts your kill.
Your Fighting skill gained 2 levels and is now at level 13!
Your Maces & Flails skill gained 2 levels and is now at level 14!
Your Dodging skill increases to level 7!
You have reached level 8!
You feel agile.
Unknown command.
You hit the boulder beetle.
The boulder beetle is moderately wounded.
The boulder beetle bites you!!
* * * LOW HITPOINT WARNING * * *
You thump the boulder beetle!
The boulder beetle is heavily wounded.
You hit the boulder beetle.
The boulder beetle is heavily wounded.
The boulder beetle bites you!
You die...

#+# ###.###
#..#..#
####.#.####
##.###†###.##
#..†##.##...#
#'.B.')#
#†##@##...#
#.# #†###.##
## .#. ## ..
.. ##$ .## ##
##


You could see a boulder beetle.

Vanquished Creatures
  A boulder beetle (D)
  A merfolk siren (D)
  4 scorpions (D)
  3 worms (D)
9 creatures vanquished.

Notes
Turn   | Place    | Note
-------+----------+-------------------------------------------
     0 | D        | sircluck the Minotaur Berserker began the quest for the
                  | Orb.
     0 | D        | Reached XP level 1. HP: 19/19 MP: 0/0
     1 | D        | Noticed a scorpion
     1 | D        | Noticed a scorpion
     1 | D        | Noticed a scorpion
     1 | D        | Noticed a scorpion
     4 | D        | Killed a scorpion
     5 | D        | Reached skill level 6 in Maces & Flails
     5 | D        | Reached XP level 2. HP: 31/31 MP: 1/1
     5 | D        | Reached XP level 3. HP: 38/38 MP: 2/2
     8 | D        | Killed a scorpion
     9 | D        | Reached skill level 7 in Maces & Flails
     9 | D        | Reached XP level 4. HP: 48/48 MP: 3/3
    10 | D        | Killed a scorpion
    10 | D        | Reached ** piety under Trog
    11 | D        | Reached skill level 8 in Maces & Flails
    11 | D        | Reached XP level 5. HP: 56/56 MP: 4/4
    13 | D        | Reached skill level 9 in Maces & Flails
    13 | D        | Reached skill level 5 in Armour
    13 | D        | Reached skill level 5 in Dodging
    43 | D        | Noticed a merfolk siren
    50 | D        | Killed a merfolk siren
    51 | D        | Reached skill level 12 in Maces & Flails
    51 | D        | Reached XP level 6. HP: 68/68 MP: 5/5
    51 | D        | Reached XP level 7. HP: 74/74 MP: 6/6
   111 | D        | Reached *** piety under Trog
   119 | D        | Noticed a boulder beetle
   119 | D        | Noticed a boulder beetle
   163 | D        | Killed a boulder beetle
   164 | D        | Reached skill level 14 in Maces & Flails
   164 | D        | Reached XP level 8. HP: 34/86 MP: 7/7
   166 | D        | Slain by a boulder beetle

Illustrated notes

Levels and vault maps discovered:
D:        the_violet_keep_of_menkaure [sprint2_stairs_cluster_1,
          sprint2_shoproom, sprint2_temple, sprint2_basic_supplies,
          sprint2_obstacle_7, sprint2_obstacle_3, sprint2_obstacle_5,
          sprint2_obstacle_6, sprint2_obstacle_1, sprint2_timed_cluster_1,
          sprint2_smallroom_cluster_1, sprint2_smallroom_final_cluster_1,
          sprint2_transparent_cluster_1, sprint2_second_timed_cluster_1,
          sprint2_sniper_area_1, sprint2_heavy_combat_area_1,
          sprint2_mutation_trap_area_1, sprint2_forest_area_1,
          sprint2_light_combat_area_1, sprint2_behind_water_1,
          sprint2_near_end_vault_1]

Skill      XL: |  1  2  3  4  5  6  7 |
---------------+----------------------+-----
Fighting       | 6 7 8 11 13 | 13.1
Maces & Flails | 6 7 8 12 14 | 14.4
Armour         | 3 4 6 |  6.9
Dodging        | 3 4 6 7 |  7.3

Action                     |  1- 3 |  4- 6 |  7- 9 || total
---------------------------+-------+-------+-------++-------
  Melee: Mace              |     6 |     7 |    24 ||    37
         Headbutt          |     1 |     2 |     6 ||     9
         Punch             |       |       |     1 ||     1
 Invoke: Berserk           |     1 |     1 |     1 ||     3
 Armour: Animal skin       |     1 |       |     1 ||     2
  Dodge: Dodged            |     3 |     3 |     5 ||    11

Table legend: (Time is in decaauts)
 A = Elapsed time spent in this place.
 B = Non-inter-level travel time spent in this place.
 C = Inter-level travel time spent in this place.
 D = Time resting spent in this place.
 E = Time spent auto-exploring this place.
 F = Levels seen in this place.
 G = Mean time per level.
                   A        B        C        D        E       F      G
               +--------+--------+--------+--------+--------+-----+--------+
         Total |    173 |    168 |      5 |     90 |      0 |   1 |  173.0 |
       Dungeon |    173 |    168 |      5 |     90 |      0 |   1 |  173.0 |
               +--------+--------+--------+--------+--------+-----+--------+

Top non-repeatable levels by time:
       D: 173 daAuts
